 Dungeon Crawl Stone Soup version 0.31.0-12-g77e489cdc1 (webtiles) character file.

Game seed: 185211108736875707

58 Curundu the Chopper (level 3, -5/34 HPs)
             Began as a Minotaur Berserker on Mar 7, 2024.
             Was a Believer of Trog.
             Slain by a gnoll
             ... wielding a +0 heavy spear
              (10 damage)
             ... on level 2 of the Dungeon.
             The game lasted 00:02:53 (1370 turns).

Curundu the Chopper (Minotaur Berserker)            Turns: 1370, Time: 00:02:53

Health: -5/34      AC: 10    Str: 23    XL:     3   Next: 75%
Magic:  2/2        EV:  9    Int:  4    God:    Trog [**....]
Gold:   102        SH:  0    Dex:  9    Spells: 2/2 levels left

rFire   . . .        i - +0 war axe
rCold   . . .        (no shield)
rNeg    . . .        e - +0 chain mail
rPois   .            (helmet restricted)
rElec   .            a - +0 cloak
rCorr   .            (no gloves)
SInv    .            (no boots)
Will    .....        (no amulet) Stlth
                     (no ring)
HPRegen 0.25/turn    (no ring)
MPRegen 0.08/turn

%: no passive effects
@: no status effects
A: horns 2, retaliatory headbutt
a: Renounce Religion, Berserk, Trog's Hand


You were on level 2 of the Dungeon.
You worshipped Trog.
Trog was pleased with you.
You visited 1 branch of the dungeon, and saw 2 of its levels.

You collected 102 gold pieces.

Inventory:

Hand Weapons
 i - a +0 war axe (weapon)
Armour
 a - a +0 cloak (worn)
 e - a +0 chain mail (worn)
Scrolls
 c - a scroll of enchant armour {unknown}
 d - a scroll of identify {unknown}
 g - 2 scrolls of teleportation {unknown}
 h - a scroll of poison {unknown}
Potions
 b - 2 potions of invisibility {unknown}
 f - 2 potions of lignification {unknown}


   Skills:
 + Level 4.4 Fighting
 + Level 4.5 Axes
 + Level 2.6 Armour
 + Level 2.8 Dodging


You had 2 spell levels left.
You didn't know any spells.
Your spell library was empty.

Dungeon Overview and Level Annotations

Branches:
Dungeon (2/15)

Altars:

Shops:
D:1 *


Innate Abilities, Weirdness & Mutations

You have a pair of horns on your head.
You reflexively headbutt those who attack you in melee.


Message History

A gnoll comes into view. It is wielding a +0 whip of flaming.
A gnoll comes into view. It is wielding a +0 heavy spear.
The gnoll shouts! x2; You hear a shout!
The gnoll hits you but does no damage.
A gnoll comes into view. It is wielding a +0 halberd.
The gnoll hits you from afar with a +0 heavy spear!
You barely miss the gnoll. The gnoll hits you but does no damage.
The gnoll barely misses you. The gnoll closely misses you.
You hit the gnoll. You headbutt the gnoll!
The gnoll is severely wounded.
The gnoll hits you with a +0 whip of flaming.
The gnoll burns you.
You closely miss the gnoll. You headbutt the gnoll.
You kill the gnoll!
Trog accepts your kill. The gnoll barely misses you.
The gnoll hits you from afar with a +0 heavy spear.
Things that are here:
a +0 whip of flaming; a gnoll corpse You hit the gnoll.
Your headbutt misses the gnoll.
The gnoll is heavily wounded.
The gnoll hits you with a +0 club. The gnoll closely misses you.
The gnoll hits you from afar with a +0 heavy spear.
The gnoll hits you with a +0 club.
You slash the gnoll!
You kill the gnoll!
Trog accepts your kill.
The gnoll closely misses you. x2; The gnoll hits you but does no damage.
The gnoll barely misses you.
You see here a +0 club.
The gnoll hits you from afar with a +0 heavy spear.
The gnoll hits you but does no damage.
Things that are here:
a +0 whip of flaming; a gnoll corpse The gnoll hits you with a +0 halberd!
* * * LOW HITPOINT WARNING * * *
You slash the gnoll!
The gnoll is almost dead.
The gnoll hits you from afar with a +0 heavy spear!
You die...

##....##########
####.## # #.#
####.# .....#
######## ####.#
#......#
#.######.####.#
#........# #.#
#.#####..####@#
..##.#..<......#g#
.......###..##.#g#
.......# #.(## #)#
#.#.........##.#)#
..##.######......#
# #.# ####(### #.#
#. #+# .


You could see 2 gnolls.

Vanquished Creatures
  An adder (D:2)
  2 gnolls (D:2)
  A dart slug (D:2)
  4 endoplasms
  2 giant cockroaches (D:1)
  A goblin (D:1)
  3 quokkas (D:2)
  4 ball pythons
  2 bats (D:1)
  4 kobolds
  2 rats
26 creatures vanquished.

Notes
Turn   | Place    | Note
-------+----------+-------------------------------------------
     0 | D:1      | Curundu the Minotaur Berserker began the quest for the Orb.
     0 | D:1      | Reached XP level 1. HP: 19/19 MP: 0/0
   553 | D:1      | Found Niawkaw's Assorted Antiques.
   576 | D:1      | Reached XP level 2. HP: 27/27 MP: 1/1
  1009 | D:2      | Reached ** piety under Trog
  1010 | D:2      | Reached XP level 3. HP: 25/33 MP: 2/2
  1370 | D:2      | Slain by a gnoll

Illustrated notes

Levels and vault maps discovered:
D:1:      tarquinn_simple_flora_water_e, layout_basic, serial_shops, shop
D:2:      layout_loops_corners

Skill      XL: |  1  2 |
---------------+-------+-----
Axes           | 4 |  4.5
Fighting       | 4 |  4.4
Armour         | |  2.6
Dodging        | |  2.8

Action                     || total
---------------------------++-------
  Melee: Hand axe          ||    37
         Headbutt          ||     7
         War axe           ||    17
         Punch             ||     2
 Armour: Animal skin       ||     9
         Chain mail        ||    49
  Dodge: Dodged            ||    38
